 Dungeon Crawl Stone Soup version 0.16.0 (webtiles) character file.

740 Fiveotanaka the Grappler (level 7, -1/66 HPs)
             Began as a Troll Monk on Mar 23, 2015.
             Succumbed to Eustachio's poison
             ... on level 8 of the Dungeon.
             The game lasted 00:03:22 (1449 turns).

Fiveotanaka the Grappler (Troll Monk)               Turns: 1449, Time: 00:03:23

Health: -1/66      AC:  6    Str: 20    XL:     7   Next: 46%
Magic:  3/3        EV: 10    Int:  6    God:
Gold:   108        SH:  0    Dex: 14    Spells: 0 memorised, 6 levels left

rFire  . . .     SeeInvis .       - Unarmed
rCold  . . .     Clarity  .     a - +0 robe
rNeg   . . .     SustAb   .     (shield restricted)
rPois  .         Gourm    +     (helmet restricted)
rElec  .         Spirit   .     g - +0 cloak
rCorr  .         Warding  .     (gloves unavailable)
rMut   .         Stasis   .     (boots unavailable)
MR     .....                    (no amulet)
Stlth  ++........               (no ring)
                                (no ring)

@: lethally poisoned (-1 -> -25), flying, not resistant to hostile enchantments,
unstealthy
A: unfitting armour, claws 3, fast metabolism 3, gourmand, regeneration 2,
shaggy fur 1, tough skin 2
a: no special abilities


You were on level 8 of the Dungeon.
You were very full.

You visited 1 branch of the dungeon, and saw 8 of its levels.

You collected 108 gold pieces.

Inventory:

Armour
 a - a +0 robe (worn)
 g - a +0 cloak (worn)
Jewellery
 t - a +2 ring of strength {unknown}
Scrolls
 c - 3 scrolls of identify {unknown}
 e - a scroll of immolation {unknown}
 f - 2 scrolls of teleportation {unknown}
 h - a scroll of enchant weapon {unknown}
 j - a scroll of remove curse {unknown}
 n - a scroll of noise {unknown}
 o - a scroll of magic mapping {unknown}
 p - a scroll of amnesia {unknown}
Potions
 i - a potion of agility {unknown}
 k - a potion of cure mutation {unknown}
 m - a potion of might {unknown}
 q - a potion of flight
Comestibles
 b - 4 meat rations
 d - a slice of pizza
 l - a bread ration
 r - a chunk of flesh
 s - a fruit


   Skills:
 - Level 2.4 Fighting
 - Level 2.4 Dodging
 - Level 1.1 Stealth
 + Level 9.3 Unarmed Combat


You had 6 spell levels left.
You didn't know any spells.

Dungeon Overview and Level Annotations

Branches:
Dungeon (8/15)
 Temple: D:4-7         Lair: D:8-11

Altars:
Xom

Annotations:
D:8 Eustachio


Innate Abilities, Weirdness & Mutations

You are too large for most types of armour.
You have claws for hands.
Your metabolism is lightning-fast.
You like to eat raw meat.
You heal very quickly.
You are covered in fur (AC +1).
You have very tough skin (AC +2).


Message History

You feel a bit more experienced.
* * * LOW HITPOINT WARNING * * *
You feel sick. Eustachio hits you but does no damage.
You are more poisoned.
The orc hits you with a flail!
* * * LOW HITPOINT WARNING * * *
The shadow imp hits you.
* * * LOW HITPOINT WARNING * * *
You closely miss Eustachio.
Eustachio is severely wounded.
* * * LOW HITPOINT WARNING * * *
You feel very sick.
Eustachio hits you with a rapier of venom.
* * * LOW HITPOINT WARNING * * *
The orc closely misses you.
Drink which item? (? for menu, Esc to quit)
It was a potion of flight.
You feel very buoyant.
You fly up into the air.
You die...

#...#...#.#...#
#...#.......#.###
#.... #....####...#
##....#.........#.#
#.#.....#.####.#.#
#...###....<<#.#.#
.. ##.......#.#
#.@######.#
##o@...!..#
#o55####### #.#...
#.##### ?. ... ....
.... .


You could see Eustachio (bleeding), an iron imp, a shadow imp and 2 orcs.

Vanquished Creatures
  An orc warrior (D:8)
  A phantom (D:6)
  A sky beast (D:7)
  A centaur (D:7)
  Sigmund (D:6)
  A goliath beetle (D:6)
  A crimson imp (D:4)
  A centaur zombie (D:7)
  2 orc priests
  3 orc wizards
  4 adders
  A giant mite (D:3)
  6 orcs
  A ball python (D:2)
  A bat skeleton (D:7)
  A giant cockroach (D:6)
  5 hobgoblins
  3 bats
  A giant newt (D:2)
  4 goblins
  2 kobolds
  A quokka skeleton (D:6)
43 creatures vanquished.

Notes
Turn   | Place    | Note
--------------------------------------------------------------
     0 | D:1      | Fiveotanaka, the Troll Monk, began the quest for the Orb.
     0 | D:1      | Reached XP level 1. HP: 22/22 MP: 1/1
   196 | D:2      | Reached XP level 2. HP: 29/29 MP: 1/1
   400 | D:2      | Found a shimmering altar of Xom.
   400 | D:2      | Found a shimmering altar of Xom.
   835 | D:3      | Reached skill level 5 in Unarmed Combat
   835 | D:3      | Reached XP level 3. HP: 32/36 MP: 2/2
   938 | D:4      | Reached XP level 4. HP: 42/44 MP: 2/2
   941 | D:4      | Reached skill level 6 in Unarmed Combat
  1031 | D:4      | Reached XP level 5. HP: 50/50 MP: 2/2
  1052 | D:5      | Entered Level 5 of the Dungeon
  1089 | D:6      | Noticed a phantom
  1106 | D:6      | Killed a phantom
  1106 | D:6      | Reached skill level 7 in Unarmed Combat
  1106 | D:6      | Reached XP level 6. HP: 51/59 MP: 3/3
  1126 | D:6      | Noticed Sigmund
  1140 | D:6      | Killed Sigmund
  1349 | D:7      | Reached skill level 8 in Unarmed Combat
  1352 | D:7      | Reached XP level 7. HP: 42/66 MP: 3/3
  1424 | D:8      | Noticed Eustachio
  1441 | D:8      | Reached skill level 9 in Unarmed Combat
  1448 | D:8      | HP: 2/66 [poisoned by Eustachio]
  1449 | D:8      | Succumbed to Eustachio's poison

Action                   |  1- 3 |  4- 6 |  7- 9 || total
-------------------------+-------+-------+-------++-------
Melee: Unarmed           |    24 |    56 |    28 ||   108
  Use: Potion            |       |       |     1 ||     1
  Eat: Chunk             |     7 |    11 |       ||    18
